AoeStats
← bullseyes

Black Forest

506435608Analyzed
4v4 RM · 18d ago on Sep 13, 2026· 75m 55s· 8 players
Game mode
Random Map
Map size
Large (8 player)
Population
200
Speed
Normal
Resources
Standard
Victory
Conquest
Starting age
Dark Age
Ending age
Imperial Age
RankedLock teamsTeams togetherTeam positionsShared explorationLock speedFull tech treeHidden civsTurbo modeCheats
Victory
Defeat
🇸🇮 Burgundians · Slovenia
1605
+14
🇧🇪 Portuguese · Belgium
1582
+15
🇧🇷 Armenians · Brazil
1558
+16
🇸🇻 Italians · El Salvador
1541
+17
🇫🇷 Japanese · France
1717
-21
🇫🇷 Italians · France
1696
-21
🇫🇷 Saracens · France
1455
-11
🇫🇷 Britons · France
1380
-9
Sorrateiro
0:47 Loom
10:30 Feudal Age
11:56 Wheelbarrow
13:24 Double-Bit Axe
13:29 Gold Mining
15:22 Horse Collar
15:33 Gold Mining
16:48 Town Watch
23:01 Castle Age
30:49 Bow Saw
33:04 Gold Shaft Mining
32:42 Stone Mining
33:51 Heavy Plow
37:16 Imperial Age
35:28 Fletching
35:38 Padded Archer Armor
36:00 Ballistics
35:59 Bodkin Arrow
37:04 Leather Archer Armor
37:02 Masonry
37:10 Hand Cart
36:56 Elite Skirmisher
38:00 Bracer
39:05 Chemistry
39:34 Conscription
39:17 Capped Ram
39:46 Elite Composite Bowman
40:58 Ring Archer Armor
40:48 Siege Ram
50:24 Onager
53:00 Forging
52:51 Scale Mail Armor
54:41 Town Patrol
56:48 Chain Mail Armor
57:09 Iron Casting
55:56 Man-at-Arms
56:36 Squires
56:22 Gambesons
56:23 Arson
60:53 Plate Mail Armor
61:24 Blast Furnace
59:45 Long Swordsman
61:32 Caravan
61:44 Guilds
62:06 Coinage
62:28 Fereters
63:02 Hoardings
62:33 Two-Handed Swordsman
63:18 Champion
75:27 Banking
A spoon full of love
4:33 Loom
9:37 Horse Collar
12:55 Feudal Age
12:22 Double-Bit Axe
14:25 Bow Saw
16:59 Castle Age
15:11 Heavy Plow
18:25 Crop Rotation
19:49 Redemption
29:07 Wheelbarrow
30:20 Hand Cart
33:10 Imperial Age
31:05 Fletching
32:09 Coinage
31:49 Bodkin Arrow
32:22 Ballistics
32:18 Stone Mining
32:18 Gold Mining
33:26 Guilds
34:58 Chemistry
34:42 Banking
34:12 Caravan
34:35 Scale Barding Armor
34:41 Forging
35:29 Chain Barding Armor
35:49 Stone Shaft Mining
35:49 Gold Shaft Mining
35:40 Bombard Tower
35:00 Treadmill Crane
35:31 Masonry
34:54 Cavalier
36:12 Husbandry
36:49 Iron Casting
37:23 Plate Barding Armor
37:05 Paladin
38:46 Blast Furnace
38:30 Architecture
37:56 Murder Holes
40:17 Bracer
41:53 Light Cavalry
45:46 Hussar
72:32 Two-Man Saw
72:13 Block Printing
RohanAoE
10:42 Feudal Age
14:39 Castle Age
12:30 Double-Bit Axe
12:26 Horse Collar
17:51 Loom
20:12 Redemption
22:17 Scale Barding Armor
27:13 Fletching
29:04 Wheelbarrow
29:23 Chain Barding Armor
30:01 Bloodlines
34:59 Imperial Age
33:10 Bodkin Arrow
33:16 Padded Archer Armor
32:39 Elite Skirmisher
34:03 Bow Saw
34:26 Ballistics
34:41 Leather Archer Armor
36:12 Ring Archer Armor
35:43 Bracer
36:53 Chemistry
38:01 Conscription
40:08 Scale Mail Armor
40:18 Forging
39:52 Treadmill Crane
40:59 Chain Mail Armor
41:43 Hand Cart
41:40 Squires
43:50 Plate Mail Armor
45:31 Thumb Ring
46:31 Iron Casting
47:08 Pikeman
47:29 Crossbowman
50:57 Silk Road
51:32 Hoardings
51:25 Masonry
52:30 Blast Furnace
51:36 Caravan
51:40 Elite Genoese Crossbowman
53:58 Plate Barding Armor
56:55 Two-Man Saw
63:42 Man-at-Arms
64:40 Arson
64:25 Arbalester
64:29 Long Swordsman
65:11 Two-Handed Swordsman
66:13 Champion
69:12 Gold Mining
69:12 Stone Mining
74:26 Bombard Tower
74:37 Architecture
74:02 Murder Holes
75:16 Arrowslits
bullseyes
1:14 Loom
9:38 Feudal Age
12:27 Wheelbarrow
18:50 Castle Age
17:02 Double-Bit Axe
17:03 Horse Collar
28:35 Imperial Age
30:16 Chemistry
31:01 Padded Archer Armor
31:32 Arquebus
34:31 Conscription
35:26 Leather Archer Armor
35:02 Fletching
44:55 Siege Engineers
44:31 Treadmill Crane
45:01 Masonry
48:31 Bow Saw
48:24 Caravan
48:24 Onager
53:17 Architecture
53:52 Two-Man Saw
53:56 Ring Archer Armor
53:21 Bodkin Arrow
56:06 Coinage
Tonymontana
6:11 Loom
8:27 Feudal Age
14:41 Fletching
15:37 Double-Bit Axe
17:07 Horse Collar
24:57 Castle Age
24:26 Padded Archer Armor
24:26 Gold Mining
25:04 Crossbowman
25:41 Bodkin Arrow
30:26 Gold Shaft Mining
30:30 Wheelbarrow
30:26 Bow Saw
30:19 Heavy Plow
35:01 Stone Mining
36:01 Yeomen
35:58 Leather Archer Armor
37:44 Hand Cart
42:16 Imperial Age
39:32 Town Watch
40:22 Ballistics
40:01 Stone Mining
42:42 Town Patrol
42:32 Arbalester
43:18 Bracer
44:30 Chemistry
43:57 Conscription
44:17 Ring Archer Armor
48:15 Two-Man Saw
56:30 Elite Skirmisher
68:47 Caravan
kitchiro
8:11 Loom
11:09 Feudal Age
12:04 Double-Bit Axe
15:12 Castle Age
13:06 Horse Collar
16:00 Heavy Plow
16:14 Bow Saw
23:31 Wheelbarrow
26:12 Gold Mining
27:01 Hand Cart
29:40 Imperial Age
27:27 Scale Mail Armor
27:20 Stone Mining
27:48 Treadmill Crane
29:11 Chain Mail Armor
29:06 Forging
29:39 Gold Shaft Mining
28:39 Pikeman
29:19 Squires
29:53 Halberdier
30:18 Arson
31:05 Plate Mail Armor
31:42 Iron Casting
32:10 Two-Man Saw
32:12 Chemistry
31:07 Guard Tower
31:29 Masonry
31:59 Block Printing
32:07 Sanctity
33:17 Fervor
35:31 Kataparuto
35:31 Conscription
35:15 Yasama
35:37 Ballistics
35:53 Keep
38:05 Coinage
37:36 Caravan
37:38 Arrowslits
37:59 Siege Engineers
42:21 Redemption
48:58 Blast Furnace
47:48 Fletching
48:51 Thumb Ring
49:11 Parthian Tactics
48:49 Padded Archer Armor
49:47 Heavy Cavalry Archer
50:57 Bodkin Arrow
51:51 Bracer
53:45 Hoardings
58:29 Banking
ccereal
6:07 Loom
8:23 Feudal Age
8:56 Double-Bit Axe
11:55 Fletching
18:08 Castle Age
16:41 Horse Collar
18:11 Crossbowman
19:03 Bodkin Arrow
29:40 Wheelbarrow
28:56 Town Watch
31:19 Fortified Wall
34:52 Imperial Age
32:39 Masonry
34:22 Gold Mining
34:34 Heavy Plow
34:48 Bow Saw
34:37 Stone Mining
36:36 Chemistry
36:38 Siege Engineers
39:03 Padded Archer Armor
39:39 Bracer
40:05 Ballistics
40:11 Caravan
39:52 Arbalester
40:50 Leather Archer Armor
41:01 Conscription
41:56 Thumb Ring
45:43 Two-Man Saw
48:59 Elite Skirmisher
50:41 Ring Archer Armor
62:58 Onager
64:28 Siege Onager
68:55 Coinage
74:40 Counterweights
-2n+2q
10:27 Feudal Age
11:06 Double-Bit Axe
14:01 Castle Age
13:17 Horse Collar
14:58 Bow Saw
23:45 Wheelbarrow
25:23 Hand Cart
24:53 Loom
25:40 Heavy Plow
29:41 Imperial Age
27:23 Gold Mining
27:57 Fletching
28:07 Padded Archer Armor
29:01 Caravan
29:57 Bodkin Arrow
30:17 Leather Archer Armor
30:23 Ballistics
31:04 Bracer
32:06 Chemistry
31:53 Elite Genoese Crossbowman
33:40 Conscription
33:51 Silk Road
34:11 Ring Archer Armor
35:30 Scale Barding Armor
35:36 Forging
35:30 Onager
36:08 Light Cavalry
37:00 Bloodlines
36:50 Husbandry
39:12 Chain Barding Armor
38:13 Hussar
42:33 Plate Barding Armor
44:42 Guilds
45:02 Coinage
45:52 Iron Casting
47:54 Cavalier
50:29 Blast Furnace
54:28 Scale Mail Armor
54:54 Treadmill Crane
62:12 Chain Mail Armor
63:32 Onager
65:53 Crop Rotation
66:20 Squires
72:50 Thumb Ring
Connection lost

Rejoining the realm…

Still unreachable

The connection could not be restored.

Session expired

The server has moved on; the page needs a fresh start.